 Dungeon Crawl Stone Soup version 0.28-a0-872-g80cf8599ee (webtiles) character file.

Game seed: 10712566367267468373

86 Encipher the Chopper (level 4, 0/35 HPs)
             Began as a Formicid Warper on Nov 21, 2021.
             Slain by an adder (4 damage)
             ... on level 3 of the Dungeon.
             The game lasted 00:05:04 (3336 turns).

Encipher the Chopper (Formicid Warper)              Turns: 3336, Time: 00:05:04

Health: 0/35       AC:  7    Str: 16    XL:     4   Next: 78%
Magic:  7/7        EV:  9    Int: 13    God:
Gold:   72         SH:  0    Dex: 10    Spells: 7/7 levels left

rFire   . . .      SeeInvis +   a - +0 hand axe
rCold   . . .      Faith    .   (no shield)
rNeg    . . .      Spirit   .   f - +0 scale mail
rPois   .          Reflect  .   (helmet unavailable)
rElec   .          Harm     .   (no cloak)
rCorr   .          Rampage  .   g - +0 pair of gloves
Will    .....                   (no boots)
Stlth   ..........              (no amulet)
HPRegen 0.11/turn               (no ring)
MPRegen 0.10/turn               (no ring)

@: no status effects
A: permanent stasis, dig shafts and tunnels, antennae 3, four strong arms
a: Dig, Shaft Self


You were on level 3 of the Dungeon.
You visited 1 branch of the dungeon, and saw 3 of its levels.

You collected 72 gold pieces.

Inventory:

Hand Weapons
 a - a +0 hand axe (weapon)
 i - a +0 hunting sling
Missiles
 c - 5 boomerangs of dispersal (quivered)
 j - 17 sling bullets
 o - 12 poisoned darts
Armour
 b - a +0 leather armour
 f - a +0 scale mail (worn)
 g - a +0 pair of gloves (worn)
Scrolls
 d - a scroll of fear {unknown}
 l - a scroll of fog {unknown}
 n - a scroll of identify {unknown}
Potions
 e - a potion of brilliance {unknown}
 h - a potion of invisibility {unknown}
 k - a potion of attraction {unknown}
 m - 2 potions of degeneration {unknown}


   Skills:
 - Level 3.0 Fighting
 + Level 4.2 Axes
 - Level 1.0 Throwing
 - Level 1.1 Armour
 - Level 1.7 Dodging
 - Level 2.1 Spellcasting
 - Level 2.6 Translocations


You had 7 spell levels left.
You didn't know any spells.
Your spell library contained the following spells:

 Spells                   Type           Power      Damage    Failure   Level
 Sting                    Tmut/Pois      4%         1d3       67%         1
 Gell's Gravitas          Tloc           8%         N/A       67%         3
 Lesser Beckoning         Tloc           8%         N/A       67%         3
 Teleport Other           Tloc           8%         N/A       67%         3
 Poisonous Vapours        Pois/Air       2%         N/A       80%         2
 Olgreb's Toxic Radiance  Pois           1%         N/A       100%        4
 Manifold Assault         Tloc           8%         N/A       100%        5
 Blink                    Tloc           Unusable   N/A       N/A         2

Dungeon Overview and Level Annotations

Branches:
Dungeon (3/15)

Altars:


Innate Abilities, Weirdness & Mutations

You cannot be hasted, slowed, berserked, paralysed or teleported.
You can dig through walls and to a lower floor.
You have a pair of large antennae on your head. (SInv)
Your four strong arms can wield two-handed weapons with a shield.


Message History

The adder bites you.
You are poisoned.
The adder poisons you! The adder bites you but does no damage.
You closely miss the adder.
The adder is almost dead.
You feel sick. The adder bites you.
You are more poisoned.
The adder poisons you!
You barely miss the adder.
The adder is almost dead.
You feel very sick. The adder closely misses you.
You are too injured to fight recklessly!
You are too injured to fight recklessly!
You are too injured to fight recklessly!
You are too injured to fight recklessly!
You are too injured to fight recklessly!
You are too injured to fight recklessly!
You barely miss the adder.
The adder is almost dead.
You feel sick. The adder closely misses you. The adder bites you.
You barely miss the adder.
The adder is almost dead.
You feel sick. The adder misses you.
You miss the adder.
The adder is almost dead.
You feel sick.
The adder bites you but does no damage. x2
You miss the adder.
The adder is almost dead.
You feel sick. The adder bites you but does no damage.
You barely miss the adder.
The adder is almost dead.
You feel sick. The adder bites you but does no damage. The adder bites you.
* * * LOW HITPOINT WARNING * * *
You hit the adder.
The adder is almost dead.
You feel sick.
You are no longer poisoned.
The adder bites you.
You die...

#.# #.## #.## #... #...
#.. #.. #.. #.. #.# #
#.# #.#
###..##.#####.##########
.....rS@...............#
####..#.#####.########.#
#.. #.# #.#######.†# #.
#.# #........... # ..#
#########.## ..# #.#
...# #.## ...# #... ##.†


You could see an adder and a quokka.

Vanquished Creatures
  3 adders
  2 worms (D:2)
  5 dart slugs
  5 ball pythons
  5 endoplasms
  A giant cockroach (D:2)
  A hobgoblin (D:1)
  2 jackals (D:1)
  2 quokkas
  6 bats
  2 frilled lizards
  3 goblins
  5 kobolds
  4 rats
46 creatures vanquished.

Notes
Turn   | Place    | Note
-------+----------+-------------------------------------------
     0 | D:1      | Encipher the Formicid Warper began the quest for the Orb.
     0 | D:1      | Reached XP level 1. HP: 16/16 MP: 3/3
   334 | D:1      | Reached XP level 2. HP: 15/23 MP: 5/5
   534 | D:1      | Found a faded altar of an unknown god.
   846 | D:1      | Reached XP level 3. HP: 26/29 MP: 6/6
  1201 | D:1      | Reached skill level 3 in Axes
  2678 | D:2      | Reached XP level 4. HP: 35/35 MP: 7/7
  3137 | D:2      | Reached skill level 4 in Axes
  3336 | D:3      | Slain by an adder

Illustrated notes

Levels and vault maps discovered:
D:1:      tarquinn_simple_flora_water_e, layout_basic,
          ebering_ecumenical_altar_hall
D:2:      layout_loops_ring
D:3:      layout_basic, serial_corexii_hall, corexii_hall_statues_x,
          chequers_hall_statues_corner_a, chequers_hall_statues_wall_a,
          chequers_hall_statues_y

Skill      XL: |  1  2  3  4 |
---------------+-------------+-----
Fighting       | 3 |  3.0
Axes           | 3 4 |  4.2
Throwing       | |  1.0
Armour         | |  1.1
Dodging        | |  1.7
Spellcasting   | |  2.1
Translocations | |  2.6

Action                   |  1- 3 |  4- 6 || total
-------------------------+-------+-------++-------
Melee: Hand axe          |   121 |    63 ||   184
Armor: Leather armour    |     5 |       ||     5
       Scale mail        |    32 |    42 ||    74
Dodge: Dodged            |    62 |    36 ||    98

Table legend: (Time is in decaauts)
 A = Elapsed time spent in this place.
 B = Non-inter-level travel time spent in this place.
 C = Inter-level travel time spent in this place.
 D = Time resting spent in this place.
 E = Time spent auto-exploring this place.
 F = Levels seen in this place.
 G = Mean time per level.
                   A        B        C        D        E       F      G
               +--------+--------+--------+--------+--------+-----+--------+
         Total |   3362 |   3163 |    199 |    494 |   2151 |   3 | 1120.7 |
       Dungeon |   3362 |   3163 |    199 |    494 |   2151 |   3 | 1120.7 |
               +--------+--------+--------+--------+--------+-----+--------+

Top non-repeatable levels by time:
     D:1: 1852 daAuts
     D:2: 1368 daAuts
     D:3: 142 daAuts
